 Dungeon Crawl Stone Soup version 0.29-a0-320-g9f8742066b (webtiles) character file.

Game seed: 7955394536874550457

10429 chopper the Cleaver (level 11, -2/97 HPs)
             Began as a Minotaur Fighter on Apr 3, 2022.
             Slain by a 12-headed hydra (10 damage)
             ... on level 9 of the Dungeon.
             The game lasted 01:29:23 (16002 turns).

chopper the Cleaver (Minotaur Fighter)             Turns: 16002, Time: 01:29:26

Health: -2/97      AC: 18    Str: 23    XL:     11   Next: 36%
Magic:  10/10      EV:  8    Int:  5    God:
Gold:   750        SH: 11    Dex: 12    Spells: 10/10 levels left

rFire   . . .      SeeInvis .   R - +0 war axe (protect)
rCold   . . .      Faith    .   c - +0 buckler
rNeg    . . .      Spirit   .   M - +0 plate armour
rPois   +          Reflect  +   (helmet restricted)
rElec   .          Harm     .   (no cloak)
rCorr   +          Rampage  .   D - +2 pair of gloves
Will    .....                   (no boots)
Stlth   ..........              L - amulet of reflection
HPRegen 0.26/turn               e - ring of resist corrosion
MPRegen 0.12/turn               z - ring of poison resistance

@: mighty
A: horns 2, retaliatory headbutt
a: no special abilities


You were on level 9 of the Dungeon.
You visited 3 branches of the dungeon, and saw 11 of its levels.

You collected 750 gold pieces.

Inventory:

Hand Weapons
 a - a +0 war axe of flaming
 q - a +2 vampiric short sword
 s - a +2 whip of flaming
 y - a +2 whip of venom
 A - a +0 vorpal war axe
 O - a +0 triple crossbow
 R - a +0 war axe of protection (weapon)
 S - a +0 demon whip of venom
Missiles
 G - 2 javelins
 I - a curare-tipped dart (quivered)
Armour
 c - a +0 buckler (worn)
 D - a +2 pair of gloves (worn)
 K - a scarf of shadows
 M - a +0 plate armour (worn)
Jewellery
 e - a ring of resist corrosion (left hand)
 z - a ring of poison resistance (right hand)
 L - an amulet of reflection (around neck)
Wands
 d - a wand of flame (9)
 C - a wand of acid (9)
 J - a wand of mindburst (13)
 P - a wand of iceblast (11)
Scrolls
 b - 2 scrolls of brand weapon
 g - 2 scrolls of teleportation
 h - 2 scrolls of holy word {unknown}
 j - 3 scrolls of enchant armour
 l - 2 scrolls of enchant weapon {unknown}
 m - a scroll of acquirement {unknown}
 n - 2 scrolls of amnesia {unknown}
 r - 4 scrolls of vulnerability {unknown}
 u - a scroll of immolation {unknown}
 w - a scroll of noise {unknown}
 B - a scroll of torment {unknown}
 E - 2 scrolls of fear {unknown}
 Q - a scroll of blinking {unknown}
 T - a scroll of magic mapping {unknown}
Potions
 f - 3 potions of attraction
 i - a potion of lignification {unknown}
 k - 3 potions of curing
 o - 2 potions of magic {unknown}
 p - a potion of cancellation {unknown}
 t - 3 potions of resistance
 v - 2 potions of mutation {unknown}
 x - 2 potions of degeneration {unknown}
 F - 2 potions of flight {unknown}
 H - 3 potions of brilliance {unknown}


   Skills:
 + Level 9.3 Fighting
 + Level 13.3 Axes
 + Level 2.2 Throwing
 + Level 11.1 Armour
 + Level 3.6 Dodging
 + Level 1.3 Stealth
 + Level 9.3 Shields
 + Level 1.2 Evocations


You had 10 spell levels left.
You didn't know any spells.
Your spell library contained the following spells:

 Spells                   Type           Power      Damage    Failure   Level
 Blink                    Tloc           0%         N/A       100%        2
 Sublimation of Blood     Necr           0%         N/A       100%        2
 Wereblood                Tmut           0%         N/A       100%        2
 Lesser Beckoning         Tloc           0%         N/A       100%        3
 Animate Dead             Necr           0%         N/A       100%        4
 Manifold Assault         Tloc           0%         N/A       100%        5
 Haunt                    Necr/Summ      0%         N/A       100%        7
 Summon Hydra             Summ           0%         N/A       100%        7
 Infestation              Necr           0%         N/A       100%        8


Dungeon Overview and Level Annotations

Branches:
Dungeon (9/15)             Temple (0/1) D:5            Lair (1/6) D:9
    Orc (1/2) D:9

Altars:
Cheibriados
Fedhas
Gozag
Okawaru
Ru
Sif Muna
Zin
The Shining One

Shops:
D:2 ((   D:5 (


Innate Abilities, Weirdness & Mutations

You have a pair of horns on your head.
You reflexively headbutt those who attack you in melee.


Message History

You block the 12-headed hydra's attack.
You barely miss the 12-headed hydra. You headbutt the 12-headed hydra.
The 12-headed hydra is heavily wounded.
The 12-headed hydra bites you but does no damage.
The 12-headed hydra bites you. You block the 12-headed hydra's attack.
The 12-headed hydra bites you! You block the 12-headed hydra's attack.
The 12-headed hydra completely misses you.
The 12-headed hydra bites you but does no damage.
The 12-headed hydra completely misses you.
The 12-headed hydra bites you but does no damage.
You block the 12-headed hydra's attack.
The 12-headed hydra bites you but does no damage.
The 12-headed hydra bites you!
You can't go down here!
The 12-headed hydra bites you but does no damage.
You block the 12-headed hydra's attack. x2
The 12-headed hydra bites you but does no damage.
The 12-headed hydra bites you.
The 12-headed hydra completely misses you.
The 12-headed hydra bites you but does no damage.
You block the 12-headed hydra's attack. x2
The 12-headed hydra completely misses you.
The 12-headed hydra bites you but does no damage.
The 12-headed hydra closely misses you.
You climb upwards.
Welcome back to the Dungeon!
There is a staircase to the Lair here.
You can't go up here!
You feel very mighty all of a sudden. You block the 12-headed hydra's attack.
The 12-headed hydra bites you!
* * * LOW HITPOINT WARNING * * *
You block the 12-headed hydra's attack. x2; The 12-headed hydra bites you!
* * * LOW HITPOINT WARNING * * *
The 12-headed hydra bites you but does no damage. x3
The 12-headed hydra bites you.
* * * LOW HITPOINT WARNING * * *
The 12-headed hydra bites you but does no damage.
The 12-headed hydra bites you.
* * * LOW HITPOINT WARNING * * *
The 12-headed hydra bites you!
You die...

.......#.[...#.#...>....).....#
#
.......#..>..'.#.###.#.....####
# .......#.....#)#...........#
# ########8...8#.######.###..#
# #######.## #..##..# # #....#
##.##..# # #..).# #.....## ###
#....## #..##..# #..
#....@#####...##.###.#
###...D..............#
###...##.....#.#####
#...##.....#.## #...##.....#..#
#########.))#.# #.#.#.#
#.#...## ########.##)..#


You could see a 12-headed hydra.

Vanquished Creatures
  Amaemon (Lair:1)
  An orc sorcerer (Orc:1)
  The ghost of siradein the Changer, a novice OpTm (D:7)
  A black mamba (Lair:1)
  An orange demon (Lair:1)
  Maggie (Lair:1)
  A cane toad (Lair:1)
  A komodo dragon (Lair:1)
  3 trolls (D:9)
  A hornet (D:9)
  Prince Ribbit (D:9)
  5 blink frogs (Lair:1)
  A wyvern (D:9)
  9 yaks
  A water moccasin (D:6)
  An ice beast (D:7)
  7 orc warriors
  5 sky beasts
  4 ogres
  A black bear (D:5)
  2 centaurs
  4 kobold brigands (D:9)
  2 necrophages
  A bullfrog (D:9)
  4 gnoll sergeants
  5 scorpions
  4 killer bees (D:8)
  3 electric eels (D:7)
  2 howler monkeys (D:8)
  A hound (D:7)
  3 jellies
  7 orc priests
  A gnoll shaman (D:5)
  An iguana (D:6)
  9 orc wizards
  17 gnolls
  9 adders
  A shadow imp (D:7)
  2 white imps
  3 ufetubi
  3 worms
  2 dart slugs
  43 orcs
  6 ball pythons
  11 endoplasms
  4 giant cockroaches
  5 goblins
  11 hobgoblins
  7 jackals
  A quokka (D:1)
  6 bats
  5 frilled lizards
  9 kobolds
  5 rats
246 creatures vanquished.

Vanquished Creatures (others)
  4 fungi
  29 plants
33 creatures vanquished.

Grand Total: 279 creatures vanquished

Notes
Turn   | Place    | Note
-------+----------+-------------------------------------------
     0 | D:1      | chopper the Minotaur Fighter began the quest for the Orb.
     0 | D:1      | Reached XP level 1. HP: 19/19 MP: 0/0
    62 | D:1      | Reached XP level 2. HP: 22/27 MP: 1/1
   356 | D:1      | Reached XP level 3. HP: 30/33 MP: 2/2
   675 | D:1      | Reached skill level 3 in Axes
   995 | D:2      | Found Cafiteg's Weapon Shop.
  1017 | D:2      | Found Xial's Antique Weapon Shop.
  1736 | D:2      | Reached XP level 4. HP: 34/40 MP: 3/3
  2286 | D:3      | Reached skill level 1 in Dodging
  2292 | D:3      | Reached skill level 4 in Axes
  2402 | D:3      | Reached XP level 5. HP: 46/46 MP: 4/4
  2423 | D:3      | Found a glowing silver altar of Zin.
  2772 | D:3      | Found an iron altar of Okawaru.
  3188 | D:4      | Found a shimmering blue altar of Sif Muna.
  3440 | D:4      | Found a sacrificial altar of Ru.
  3441 | D:4      | Found a glowing golden altar of the Shining One.
  3441 | D:4      | Found a snail-covered altar of Cheibriados.
  3442 | D:4      | Found a blossoming altar of Fedhas.
  3582 | D:4      | Reached skill level 5 in Axes
  4093 | D:5      | Entered Level 5 of the Dungeon
  4119 | D:5      | Reached XP level 6. HP: 46/53 MP: 5/5
  4158 | D:5      | Found Fakam's Weapon Shoppe.
  4553 | D:5      | Reached skill level 6 in Axes
  4553 | D:5      | Reached skill level 5 in Armour
  4933 | D:5      | Found a staircase to the Ecumenical Temple.
  5026 | D:5      | Reached skill level 5 in Shields
  5026 | D:5      | Reached XP level 7. HP: 47/60 MP: 6/6
  5660 | D:5      | Reached skill level 5 in Fighting
  6074 | D:6      | Reached skill level 7 in Axes
  6703 | D:6      | Reached XP level 8. HP: 56/70 MP: 7/7
  6713 | D:5      | Reached skill level 8 in Axes
  8431 | D:7      | Reached skill level 9 in Axes
  8695 | D:7      | Reached XP level 9. HP: 75/78 MP: 8/8
  8903 | D:7      | Found an opulent altar of Gozag.
  8954 | D:7      | Noticed siradein's ghost (novice OpTm)
  9175 | D:7      | Found a runed translucent door.
  9215 | D:7      | Killed siradein's ghost
 10415 | D:8      | Reached skill level 10 in Axes
 12396 | D:9      | Noticed a troll
 12425 | D:9      | Killed a troll
 12426 | D:9      | Reached XP level 10. HP: 60/88 MP: 9/9
 12552 | D:9      | Reached skill level 1 in Stealth
 12629 | D:9      | Reached skill level 11 in Axes
 12932 | D:9      | Noticed Prince Ribbit
 12961 | D:9      | Killed Prince Ribbit
 12962 | D:9      | Reached skill level 1 in Throwing
 13009 | D:9      | Noticed a red ugly thing
 13195 | D:9      | Found a staircase to the Lair.
 13390 | D:9      | Found a staircase to the Orcish Mines.
 13478 | D:9      | Reached skill level 10 in Armour
 13973 | D:9      | Reached skill level 12 in Axes
 14213 | Orc:1    | Entered Level 1 of the Orcish Mines
 14222 | Orc:1    | Noticed an orc sorcerer
 14231 | Orc:1    | Killed an orc sorcerer
 14468 | Lair:1   | Entered Level 1 of the Lair of Beasts
 14549 | Lair:1   | Noticed an orange demon
 14566 | Lair:1   | Killed an orange demon
 14567 | Lair:1   | Reached skill level 1 in Evocations
 14581 | Lair:1   | Noticed Amaemon
 14648 | Lair:1   | Killed Amaemon
 15166 | Lair:1   | Noticed Maggie
 15179 | Lair:1   | Killed Maggie
 15180 | Lair:1   | Reached XP level 11. HP: 79/95 MP: 10/10
 15658 | Lair:1   | Reached skill level 13 in Axes
 15964 | Lair:1   | Noticed an eight-headed hydra
 16002 | D:9      | Slain by a 12-headed hydra

Illustrated notes

Levels and vault maps discovered:
D:1:      dpeg_arrival_pits, layout_loops_ring, minmay_ruptured
D:2:      layout_loops_corners, serial_shops, nicolae_shop_advertising_works
          [nicolae_subvault_shop_adworks], nicolae_shop_behind_doors,
          ebering_ecumenical_altar_box, minmay_misc_feat_four_crosses,
          dreamdust_mushroom_princess, chequers_serial_rivers_large_b
D:3:      layout_loops_ring, zin_treasury, okawaru_ov_weapons_minmay
D:4:      layout_loops_cross, chequers_temple_overflow_statue_of_worship,
          kennysheep_orc_sif_temple
D:5:      layout_loops_corners, temple_hall, serial_shops, nicolae_shop_trees,
          minmay_misc_feat_alley
D:6:      layout_loops_ring, nicolae_ossuary_entry_monument, serial_rivers,
          chequers_serial_rivers_small_b, chequers_serial_rivers_room_a,
          chequers_serial_rivers_small_3, chequers_serial_rivers_small_b,
          serial_bayou_pond_e, grunt_potential
D:7:      layout_basic, kennysheep_mini, mainiacjoe_overflow_swirl,
          hellmonk_ghost_happy_afterlife, serial_bayou, serial_bayou_pond_b,
          serial_bayou_crossing, serial_bayou_lagoon_a, serial_bayou_pond_c,
          minmay_microvault
D:8:      layout_rooms
D:9:      minmay_angry_zag, layout_basic, lair_entry_dummy,
          kennysheep_orc_monster_closet_entryway, uniq_prince_ribbit1, uniq_grum
Lair:1:   layout_hall_layers, special_room [special_room_bee], serial_rivers,
          chequers_serial_rivers_micro_e, chequers_serial_rivers_micro_e,
          chequers_serial_rivers_room_b, chequers_serial_rivers_room_b,
          chequers_serial_rivers_room_a, serial_bayou_pond_e,
          grunt_megastairs_4, infiniplex_staircase_pool_2, uniq_maggie,
          uniq_amaemon
Orc:1:    layout_caves

Skill      XL: |  1  2  3  4  5  6  7  8  9 10 11 |
---------------+----------------------------------+-----
Shields        | 4 5 6 7 8 9 |  9.3
Armour         | 4 5 6 7 9 10 11 | 11.1
Fighting       | 4 5 6 7 8 9 |  9.3
Axes           | 3 4 5 6 7 9 10 12 13 | 13.3
Dodging        | 1 2 3 |  3.6
Stealth        | 1 |  1.3
Throwing       | 2 |  2.2
Evocations     | 1 |  1.2

Action                   |  1- 3 |  4- 6 |  7- 9 | 10-12 || total
-------------------------+-------+-------+-------+-------++-------
Melee: War axe           |   101 |   118 |   284 |   272 ||   775
       Headbutt          |    13 |    20 |    40 |    47 ||   120
Throw: Javelin           |       |       |     7 |    12 ||    19
       Boomerang         |       |       |       |    12 ||    12
Evoke: Wand              |       |       |     5 |     7 ||    12
  Use: Scroll            |       |     6 |     4 |     3 ||    13
       Potion            |       |     1 |     6 |     2 ||     9
Armor: Scale mail        |    76 |    11 |       |       ||    87
       Chain mail        |       |    47 |   100 |       ||   147
       Plate armour      |       |       |    61 |   149 ||   210
Dodge: Dodged            |    63 |    53 |   105 |    87 ||   308
Block: Buckler           |    30 |    32 |   114 |   198 ||   374
       Reflection        |       |       |     7 |     7 ||    14

Table legend: (Time is in decaauts)
 A = Elapsed time spent in this place.
 B = Non-inter-level travel time spent in this place.
 C = Inter-level travel time spent in this place.
 D = Time resting spent in this place.
 E = Time spent auto-exploring this place.
 F = Levels seen in this place.
 G = Mean time per level.
                   A        B        C        D        E       F      G
               +--------+--------+--------+--------+--------+-----+--------+
         Total |  16187 |  16187 |      0 |   4919 |      0 |  11 | 1471.5 |
       Dungeon |  14460 |  14460 |      0 |   4264 |      0 |   9 | 1606.7 |
          Lair |   1486 |   1486 |      0 |    655 |      0 |   1 | 1486.0 |
  Orcish Mines |    240 |    240 |      0 |      0 |      0 |   1 |  240.0 |
               +--------+--------+--------+--------+--------+-----+--------+

Top non-repeatable levels by time:
     D:5: 3104 daAuts
     D:7: 2185 daAuts
     D:6: 1774 daAuts
     D:9: 1648 daAuts
  Lair:1: 1486 daAuts
     D:8: 1424 daAuts
     D:2: 1218 daAuts
     D:4: 1152 daAuts
     D:3: 978 daAuts
     D:1: 973 daAuts
   Orc:1: 240 daAuts
